 Dungeon Crawl Stone Soup version 0.23.2-30-g0e89c35649 (webtiles) character file.

Game seed: 10908226092414375183

130 sankara the Ogre Mage (level 5, 0/45 HPs)
             Began as an Ogre Fire Elementalist on June 20, 2019.
             Succumbed to an adder's poison
             ... on level 2 of the Dungeon.
             The game lasted 00:09:57 (2501 turns).

sankara the Ogre Mage (Ogre Fire Elementalist)      Turns: 2501, Time: 00:09:58

Health: 0/45       AC:  3    Str: 11 (13) XL:     5   Next: 13%
Magic:  10/10      EV: 10    Int: 15 (16) God:
Gold:   85         SH:  0    Dex:  7 (9)  Spells: 7/11 levels left

rFire    . . .     SeeInvis .   f - +0 dagger
rCold    . . .     Gourm    .   (no shield)
rNeg     . . .     Faith    .   a - +0 robe
rPois    .         Spirit   .   (helmet restricted)
rElec    .         Reflect  .   (no cloak)
rCorr    .         Harm     .   (gloves unavailable)
MR       .....                  (boots unavailable)
Stlth    +.........             (no amulet)
HPRegen  0.15/turn              (no ring)
MPRegen  0.12/turn              (no ring)

@: lethally poisoned (0 -> -3)
A: large, unfitting armour, tough skin 1
a: no special abilities


You were on level 2 of the Dungeon.
You were not hungry.

You visited 1 branch of the dungeon, and saw 2 of its levels.

You collected 85 gold pieces.

Inventory:

Hand Weapons
 f - a +0 dagger (weapon)
   (You took it off a kobold on level 1 of the Dungeon)
 h - a cursed -2 hunting sling
   (You found it on level 1 of the Dungeon)
Missiles
 i - 4 javelins
 j - 110 stones (quivered)
Armour
 a - a +0 robe (worn)
Wands
 p - a wand of acid (9)
   (You found it on level 2 of the Dungeon)
Scrolls
 d - 3 scrolls of identify {unknown}
 e - a scroll of random uselessness {unknown}
 g - a scroll of enchant weapon {unknown}
 k - a scroll of remove curse {unknown}
 o - a scroll of enchant armour {unknown}
Potions
 b - a potion of invisibility
 l - a potion of brilliance {unknown}
 n - a potion of lignification {!q}
Comestibles
 c - 2 rations
 m - 3 chunks of flesh {@w0}


   Skills:
 - Level 1.7 Dodging
 - Level 1.4 Stealth
 + Level 3.8 Spellcasting
 + Level 2.5 Conjurations
 + Level 3.6 Fire Magic


You had 7 spell levels left.
You knew the following spells:

 Your Spells              Type           Power        Failure   Level  Hunger
a - Flame Tongue          Conj/Fire      ##...        5%          1    None
b - Conjure Flame         Conj/Fire      ##......     16%         3    ###....

Your spell library contained the following spells:

 Spells                   Type           Power        Failure   Level  Hunger
 Throw Flame              Conj/Fire      ##....       8%          2    ##.....
 Inner Flame              Hex/Fire       #.......     26%         3    ###....
 Sticky Flame             Conj/Fire      ##......     45%         4    ####...
 Fireball                 Conj/Fire      ##........   82%         5    ######.


Dungeon Overview and Level Annotations

Branches:
Dungeon (2/15)

Altars:
Nemelex Xobeh


Innate Abilities, Weirdness & Mutations

You are too large for most types of armour.
You have tough skin. (AC +1)


Message History

No target in view!
No target in view!
You now have 85 gold pieces (gained 12).
As you open the door, it creaks loudly!
An adder comes into view.
The adder hisses angrily.
An adder is nearby!
The adder closely misses you.
There is an open door here.
You closely miss the adder. The adder barely misses you.
You closely miss the adder. The adder closely misses you.
You hit the adder.
The adder is lightly wounded.
The adder closely misses you. x2
You hit the adder but do no damage.
The adder is lightly wounded.
The adder bites you.
You are poisoned.
The adder poisons you!
You barely miss the adder.
The adder is lightly wounded.
You feel sick. The adder barely misses you.
You barely miss the adder.
The adder is lightly wounded.
The adder bites you. x2
You closely miss the adder.
The adder is lightly wounded.
The adder bites you.
You closely miss the adder.
The adder is lightly wounded.
You feel sick. The adder closely misses you.
You completely miss the adder.
The adder is lightly wounded.
The adder bites you.
You are more poisoned.
The adder poisons you!
You are too injured to fight recklessly!
You hit the adder.
The adder is moderately wounded.
You feel sick. The adder misses you. The adder bites you but does no damage.
You barely miss the adder.
The adder is moderately wounded.
The adder bites you.
You hit the adder.
The adder is heavily wounded.
You feel sick. The adder bites you but does no damage.
You closely miss the adder.
The adder is heavily wounded.
The adder bites you. x2
You are more poisoned.
The adder poisons you!
You barely miss the adder.
The adder is heavily wounded.
You feel sick. The adder bites you.
You hit the adder but do no damage.
The adder is heavily wounded.
The adder barely misses you.
You closely miss the adder.
The adder is heavily wounded.
You feel sick. The adder closely misses you. The adder bites you.
* * * LOW HITPOINT WARNING * * *
You are more poisoned.
The adder poisons you!
You barely miss the adder.
The adder is heavily wounded.
You feel sick. The adder misses you.
You hit the adder.
The adder is severely wounded.
You feel sick. The adder bites you.
* * * LOW HITPOINT WARNING * * *
You are lethally poisoned!
The adder poisons you!
You miss the adder.
The adder is severely wounded.
* * * LOW HITPOINT WARNING * * *
You feel sick. The adder barely misses you.
Casting: Flame Tongue (safe; 5% risk of failure)
Confirm with . or Enter, or press ? or * to list all spells.
Aiming: Flame Tongue (safe; 5% risk of failure)
Press: ? - help, Shift-Dir - straight line, f - adder
Aim: an adder (severely wounded)
The flame tongue hits the adder!
You kill the adder!
* * * LOW HITPOINT WARNING * * *
You feel sick.
* * * LOW HITPOINT WARNING * * *
You feel sick.
* * * LOW HITPOINT WARNING * * *
You feel sick.
* * * LOW HITPOINT WARNING * * *
You feel sick.
* * * LOW HITPOINT WARNING * * *
You feel sick.
* * * LOW HITPOINT WARNING * * *
You feel sick.
* * * LOW HITPOINT WARNING * * *
You feel sick.
* * * LOW HITPOINT WARNING * * *
You feel sick.
You die...

#.........##....#
#.........##....#
#.........##....##
#.<..(...........#
#####.).......##.#.#+##
......รท.......#.......#
........#######.......#
..............#.......#
..............##@##...#
..............##.###..#
........########.# ..#
........# #.# ..#
........# #.# .>#
........# #.# ###
######### #.# #.#


There were no monsters in sight!

Vanquished Creatures
  Jessica (D:2)
  5 adders (D:2)
  An ooze (D:1)
  A dart slug (D:2)
  5 leopard geckos
  2 giant cockroaches (D:1)
  3 hobgoblins
  4 jackals (D:1)
  5 bats
  2 frilled lizards (D:1)
  8 goblins
  6 kobolds
  6 rats
49 creatures vanquished.

Notes
Turn   | Place    | Note
-------+----------+-------------------------------------------
     0 | D:1      | sankara the Ogre Fire Elementalist began the quest for the
                  | Orb.
     0 | D:1      | Reached XP level 1. HP: 16/16 MP: 3/3
    27 | D:1      | Reached skill level 1 in Conjurations
    52 | D:1      | HP: 4/16 [jackal (1)]
    67 | D:1      | HP: 1/16 [jackal (2)]
    68 | D:1      | Reached XP level 2. HP: 2/24 MP: 0/5
   408 | D:1      | HP: 6/24 [giant cockroach (1)]
   412 | D:1      | Reached skill level 3 in Fire Magic
   427 | D:1      | HP: 4/24 [frilled lizard (2)]
   832 | D:1      | Reached skill level 3 in Spellcasting
   877 | D:1      | Reached XP level 3. HP: 21/31 MP: 7/7
  1405 | D:1      | Learned a level 3 spell: Conjure Flame
  1569 | D:2      | Found a sparkling altar of Nemelex Xobeh.
  1569 | D:2      | Noticed Jessica
  1577 | D:2      | HP: 7/31 [Jessica/nerve-wracking pain (6)]
  1579 | D:2      | Killed Jessica
  1579 | D:2      | Reached skill level 2 in Conjurations
  1579 | D:2      | Reached XP level 4. HP: 9/39 MP: 2/9
  1999 | D:2      | HP: 9/39 [adder (1)]
  2002 | D:2      | HP: 4/39 [adder (3)]
  2002 | D:2      | HP: 1/39 [adder (3)]
  2009 | D:2      | HP: 1/58 [poisoned by an adder]
  2017 | D:2      | HP: 1/58 [poisoned by an adder]
  2329 | D:2      | Reached XP level 5. HP: 40/45 MP: 4/10
  2486 | D:2      | HP: 11/45 [poisoned by an adder]
  2489 | D:2      | HP: 5/45 [poisoned by an adder]
  2495 | D:2      | HP: 2/45 [poisoned by an adder]
  2501 | D:2      | Succumbed to an adder's poison

Skill      XL: |  1  2  3 |
---------------+----------+-----
Conjurations   | 1 2 |  2.5
Fire Magic     | 3 |  3.6
Spellcasting   | 3 |  3.8
Dodging        | |  1.7
Stealth        | |  1.4

Action                   |  1- 3 |  4- 6 || total
-------------------------+-------+-------++-------
Melee: Unarmed           |    24 |       ||    24
       Dagger            |   108 |    60 ||   168
Throw: Stone             |       |     5 ||     5
 Cast: Flame Tongue      |    18 |    26 ||    44
  Use: Potion            |       |     3 ||     3
 Stab: Sleeping          |     1 |       ||     1
  Eat: Chunk             |     2 |     3 ||     5
Armor: Robe              |    61 |    20 ||    81
Dodge: Dodged            |    73 |    43 ||   116

Levels and vault maps discovered:
D:1:      dpeg_arrival_castle, layout_basic, corexii_hall_statues_x
D:2:      layout_basic, first_ration, nemelex_lonely_heart_becter, uniq_natasha

Table legend:
 A = Turns spent in this place as a percentage of turns spent in the entire game.
 B = Non-inter-level travel turns spent in this place as a percentage of non-inter-level travel turns spent in the entire game.
 C = Inter-level travel turns spent in this place as a percentage of turns spent in this place.
 D = Turns resting spent in this place as a percentage of non-inter-level travel turns spent in this place.
 E = Turns spent auto-exploring this place as a percentage of non-inter-level travel turns spent in this place.
 F = Non-inter-level travel turns spent in this place divided by the number of levels of this place that you've seen.
                   A       B       C       D       E      F
               +-------+-------+-------+-------+-------+----------------------
         Total | 100.0 | 100.0 |   0.6 |  55.9 |  22.2 | 1242.5
       Dungeon | 100.0 | 100.0 |   0.6 |  55.9 |  22.2 | 1242.5
               +-------+-------+-------+-------+-------+----------------------

Table legend:
 A = Kills in this place as a percentage of kills in entire the game.
 B = Kills by you in this place as a percentage of kills by you in the entire game.
 C = Kills by friends in this place as a percentage of kills by friends in the entire game.
 D = Other kills in this place as a percentage of other kills in the entire game.
 E = Experience gained in this place as a percentage of experience gained in the entire game.
 F = Experience gained in this place divided by the number of levels of this place that you have seen.
                   A       B       C       D       E      F
               +-------+-------+-------+-------+-------+----------------------
         Total | 100.0 | 100.0 |   N/A |   N/A | 100.0 |  93.0
       Dungeon | 100.0 | 100.0 |   N/A |   N/A | 100.0 |  93.0
               +-------+-------+-------+-------+-------+----------------------
